 Dungeon Crawl Stone Soup version 0.30-a0-622-gddc90eaa04 (webtiles) character file.

Game seed: 6799120276815607270

290 drugrobin the Insei (level 5, -2/42 HPs)
             Began as a Demigod Delver on Jan 10, 2023.
             Slain by Eustachio
             ... wielding a +0 falchion
              (7 damage)
             ... on level 4 of the Dungeon.
             The game lasted 00:09:00 (3425 turns).

drugrobin the Insei (Demigod Delver)                Turns: 3425, Time: 00:09:00

Health: -2/42      AC:  6    Str: 13    XL:     5   Next: 83%
Magic:  16/16      EV: 11    Int: 12    God:
Gold:   156        SH:  0    Dex: 19    Spells: 3/4 levels left

rFire   . . .      SeeInvis .      - Unarmed
rCold   . . .      Faith    .    (no shield)
rNeg    . . .      Spirit   .    m - +0 ring mail
rPois   .          Reflect  .    (no helmet)
rElec   .          Harm     .    (no cloak)
rCorr   .          Rampage  .    (no gloves)
Will    .....                    w - +0 pair of boots
Stlth   ++                       (no amulet)
HPRegen 0.27/turn                y - ring of flight
MPRegen 0.15/turn                d - ring of magical power

@: flying
A: high MP 1, forlorn, divine attributes
a: no special abilities


You were on level 4 of the Dungeon.
You visited 1 branch of the dungeon, and saw 5 of its levels.

You collected 156 gold pieces.

Inventory:

Missiles
 h - 36 stones (quivered)
 D - 3 javelins
Armour
 a - a +0 leather armour
 m - a +0 ring mail (worn)
 w - a +0 pair of boots (worn)
Jewellery
 d - a ring of magical power (right hand)
 y - a ring of flight (left hand)
Wands
 f - a wand of digging (7)
Scrolls
 b - a scroll of fog
 c - 2 scrolls of magic mapping
 g - 4 scrolls of vulnerability {unknown}
 i - a scroll of amnesia {unknown}
 j - 2 scrolls of blinking {unknown}
 l - a scroll of enchant armour {unknown}
 n - 4 scrolls of identify {unknown}
 o - a scroll of torment {unknown}
 p - 4 scrolls of teleportation {unknown}
 q - a scroll of poison {unknown}
 A - a scroll of enchant weapon {unknown}
 B - a scroll of acquirement {unknown}
 C - a scroll of immolation {unknown}
 E - a scroll of silence {unknown}
Potions
 e - a potion of haste
 k - a potion of flight {unknown}
 r - 2 potions of cancellation {unknown}
 s - 2 potions of invisibility {unknown}
 t - a potion of ambrosia {unknown}
 u - a potion of curing
 v - a potion of lignification {unknown}
 x - a potion of degeneration {unknown}
 z - a potion of attraction {unknown}


   Skills:
 - Level 2.6 Fighting
 - Level 1.7 Dodging
 - Level 4.5 Stealth
 + Level 5.9 Unarmed Combat


You had 3 spell levels left.
You knew the following spells:

 Your Spells              Type           Power      Damage    Failure   Level
a - Summon Small Mammal   Summ           0%         N/A       58%         1

Your spell library contained the following spells:

 Spells                   Type           Power      Damage    Failure   Level
 Call Canine Familiar     Summ           0%         N/A       91%         3
 Summon Guardian Golem    Hex/Summ       0%         N/A       91%         3


Dungeon Overview and Level Annotations

Branches:
Dungeon (5/15)
 Temple: D:4-7

Shops:
D:1 [

Annotations:
D:4 Eustachio


Innate Abilities, Weirdness & Mutations

You have an increased reservoir of magic. (+10% MP)
You shall have no god before yourself.
Your divine heritage dramatically boosts your attributes as you level up.


Message History

The white imp hits you but does no damage.
The rat bites you but does no damage.
Unknown command.
Unknown command.
The rat attacks as you move away! The rat barely misses you.
The white imp hits you but does no damage.
The shadow imp hits you but does no damage.
Eustachio says, "My allies will avenge me."
Unknown command.
Unknown command.
Unknown command.
You hit Eustachio but do no damage.
Eustachio is almost dead.
The white imp hits you but does no damage.
The shadow imp completely misses you. The iron imp hits you.
The rat barely misses you. Eustachio hits you with a +0 falchion.
You hit Eustachio but do no damage.
Eustachio is almost dead.
The shadow imp barely misses you.
The white imp hits you but does no damage.
The rat completely misses you.
The iron imp hits you but does no damage.
Eustachio says, "Summoning is fun!"
Eustachio hits you but does no damage.
You miss Eustachio.
Eustachio is almost dead.
The shadow imp hits you.
* * * LOW HITPOINT WARNING * * *
The white imp hits you.
* * * LOW HITPOINT WARNING * * *
The white imp freezes you.
* * * LOW HITPOINT WARNING * * *
The rat barely misses you.
Unknown command.
Unknown command.
Unknown command.
You barely miss Eustachio.
Eustachio is almost dead.
Eustachio hits you with a +0 falchion!
You die...

..................####.## .#
#####...................## #
......###..###.#######.......#
####### #..# #.# ##.####...
##..###.######..####. .
##...##...............
#..#.##..........#....
#######....##..55r.......#
#........####..5@......###
..####...# #..@.......#
.####..### #..........# .###..##
#..........# .#...## #######....#
#...## #..<.# #### #...#
############....#######..>
....####.......................##
....#....#######################


You could see Eustachio, an iron imp (summoned), a white imp (summoned), a
shadow imp (summoned) and a rat (summoned).

Vanquished Creatures
  A water moccasin (D:3)
  Terence (D:2)
  Natasha (D:2)
  3 adders
  2 gnolls (D:2)
  2 worms (D:2)
  A dart slug (D:3)
  2 orcs
  4 bats
  10 endoplasms
  A giant cockroach (D:1)
  12 goblins
  6 hobgoblins
  4 jackals (D:2)
  3 quokkas (D:1)
  5 ball pythons (D:1)
  5 frilled lizards
  6 kobolds
  7 rats
76 creatures vanquished.

Vanquished Creatures (others)
  3 fungi (D:2)
  12 plants (D:2)
15 creatures vanquished.

Grand Total: 91 creatures vanquished

Notes
Turn   | Place    | Note
-------+----------+-------------------------------------------
     0 | D:5      | drugrobin the Demigod Delver began the quest for the Orb.
     0 | D:5      | Reached XP level 1. HP: 18/18 MP: 3/3
     7 | D:5      | Noticed a phantom
   143 | D:2      | Noticed Terence
   159 | D:1      | Reached skill level 2 in Unarmed Combat
   216 | D:1      | Found Emeal's Armour Shoppe.
   270 | D:1      | Reached XP level 2. HP: 25/25 MP: 4/4
   452 | D:1      | Reached skill level 3 in Unarmed Combat
   739 | D:1      | Reached XP level 3. HP: 16/30 MP: 5/5
  1569 | D:2      | Killed Terence
  1570 | D:2      | Reached skill level 4 in Unarmed Combat
  1570 | D:2      | Reached XP level 4. HP: 18/37 MP: 6/6
  1951 | D:2      | Noticed Natasha
  1964 | D:2      | Killed Natasha
  2342 | D:3      | Reached skill level 5 in Unarmed Combat
  2405 | D:3      | Learned a level 1 spell: Summon Small Mammal
  2507 | D:3      | Reached XP level 5. HP: 41/42 MP: 7/7
  2550 | D:3      | Noticed a water moccasin
  2584 | D:3      | Killed a water moccasin
  3377 | D:4      | Noticed Eustachio
  3425 | D:4      | Slain by Eustachio

Illustrated notes

Levels and vault maps discovered:
D:1:      ebering_trefoil_3fold, layout_loops_ring, serial_shops,
          nicolae_diamond_shop, minmay_hexomino_f4
D:2:      layout_basic, serial_forest, infiniplex_forest_lined_4_way,
          infiniplex_forest_straight_1, infiniplex_forest_lined_2,
          infiniplex_forest_clump_medium, infiniplex_forest_clump_double,
          infiniplex_forest_lined_room_, infiniplex_forest_split,
          infiniplex_forest_straight_3,
          shapermc_ecumenical_altar_mp_ritualfount, uniq_natasha, uniq_terence
D:3:      kennysheep_the_goblin_king, layout_loops_cross, grunt_qazlal_clouds,
          hellmonk_okawaru_the_only_friend_you_need,
          nicolae_wu_jian_wuxing_cycle, mainiacjoe_overflow_brackets,
          mainiacjoe_overflow_24_doors, dk_noncrumbling_4
D:4:      layout_rooms, mainiacjoe_overflow_chevrons, uniq_eustachio
D:5:      layout_basic, mainiacjoe_overflow_six_doors_small, uniq_pikel,
          uniq_duvessa

Skill      XL: |  1  2  3  4 |
---------------+-------------+-----
Unarmed Combat | 2 3 4 5 |  5.9
Fighting       | |  2.6
Dodging        | |  1.7
Stealth        | |  4.5

Action                   |  1- 3 |  4- 6 || total
-------------------------+-------+-------++-------
Melee: Unarmed           |   200 |   120 ||   320
       Punch             |     4 |     1 ||     5
Throw: Stone             |     5 |     7 ||    12
       Javelin           |       |     1 ||     1
  Use: Scroll            |     1 |       ||     1
       Potion            |       |     3 ||     3
 Stab: Sleeping          |    10 |     2 ||    12
Armor: Leather armour    |    27 |       ||    27
       Ring mail         |    12 |    39 ||    51
Dodge: Dodged            |    88 |    66 ||   154

Table legend: (Time is in decaauts)
 A = Elapsed time spent in this place.
 B = Non-inter-level travel time spent in this place.
 C = Inter-level travel time spent in this place.
 D = Time resting spent in this place.
 E = Time spent auto-exploring this place.
 F = Levels seen in this place.
 G = Mean time per level.
                   A        B        C        D        E       F      G
               +--------+--------+--------+--------+--------+-----+--------+
         Total |   3406 |   3350 |     56 |    227 |   2161 |   5 |  681.2 |
       Dungeon |   3406 |   3350 |     56 |    227 |   2161 |   5 |  681.2 |
               +--------+--------+--------+--------+--------+-----+--------+

Top non-repeatable levels by time:
     D:1: 1078 daAuts
     D:2: 1045 daAuts
     D:3: 949 daAuts
     D:4: 282 daAuts
     D:5: 50 daAuts
